 Dungeon Crawl Stone Soup version 0.30-a0-462-gd5975efbca (webtiles) character file.

Game seed: 3239940272621205807

1186 Sabo the Chopper (level 8, -1/106 HPs)
             Began as an Armataur Berserker on Dec 16, 2022.
             Was a Priest of Trog.
             Slain by an orc warrior
             ... wielding a +0 halberd
              (4 damage)
             ... on level 5 of the Dungeon.
             The game lasted 00:25:54 (4431 turns).

Sabo the Chopper (Armataur Berserker)               Turns: 4431, Time: 00:25:54

Health: -1/106     AC: 10    Str: 25    XL:     8   Next: 19%
Magic:  8/8        EV:  9    Int:  7    God:    Trog [***...]
Gold:   290        SH:  3    Dex: 10    Spells: 7/7 levels left

rFire   . . .      SeeInvis .    i - +2 war axe (flame)
rCold   . . .      Faith    .    g - +0 buckler
rNeg    . . .      Spirit   .    h - +0 steam dragon scales
rPois   .          Reflect  .    e - +2 helmet
rElec   .          Harm     .    (no cloak)
rCorr   .          Roll     +    (no gloves)
Will    .....                    (no barding)
Stlth   ..........               (no amulet)
HPRegen 0.37/turn                q - ring of flight
MPRegen 0.11/turn                (no ring)

@: berserking, flying, very quick
A: large, rugged brown scales 3, deformed body, armoured tail, roll, long
tongue, awkward tongue
a: Renounce Religion, Berserk, Trog's Hand


You were on level 5 of the Dungeon.
You worshipped Trog.
Trog was most pleased with you.
You visited 1 branch of the dungeon, and saw 5 of its levels.

You collected 290 gold pieces.

Inventory:

Hand Weapons
 i - a +2 war axe of flaming (weapon)
 m - the +4 dagger of Valiance {vorpal, rElec Str-2 Int+3}
   (You found it on level 3 of the Dungeon)

   It inflicts extra damage upon your enemies.
   Str:       It affects your strength (-2).
   Int:       It affects your intelligence (+3).
   rElec:     It insulates you from electricity.
 s - a +0 vorpal hand axe
Missiles
 n - 11 poisoned darts (quivered)
Armour
 e - a +2 helmet (worn)
 g - a +0 buckler (worn)
 h - +0 steam dragon scales (worn)
Jewellery
 q - a ring of flight (left hand)
Scrolls
 b - a scroll of brand weapon
 f - a scroll of magic mapping
 j - a scroll of poison {unknown}
 o - 4 scrolls of teleportation
 r - a scroll of torment {unknown}
Potions
 a - a potion of might {unknown}
 c - a potion of berserk rage {unknown}
 d - 4 potions of flight {unknown}
 k - 2 potions of invisibility
 p - a potion of heal wounds {unknown}


   Skills:
 + Level 4.5 Fighting
 + Level 6.6 Axes
 + Level 5.6 Armour
 + Level 2.2 Dodging
 + Level 1.2 Stealth


You had 7 spell levels left.
You didn't know any spells.
Your spell library was empty.

Dungeon Overview and Level Annotations

Branches:
Dungeon (5/15)
 Temple: D:4-7

Altars:
Zin


Innate Abilities, Weirdness & Mutations

You are completely covered in rugged brown scales. (AC +3, +7% HP)
Armour fits poorly on your strangely shaped body.
You have a long armoured tail.
You roll when moving toward enemies. (Rampage)
Your long tongue fully drains potion bottles. (2x potion effects)
Your tongue gives you trouble enunciating. (1.5x scroll delay)


Message History

You kill the orc wizard!
Trog accepts your kill.
Trog appreciates your killing of a magic user.
The orc priest hits you but does no damage.
The orc warrior hits you but does no damage.
You block the orc warrior's attack.
The orc priest hits you but does no damage.
You barely miss the orc priest.
The orc priest is lightly wounded.
The orc priest invokes the aid of Beogh against you.
Beogh smites you! You block the orc warrior's attack.
You closely miss the orc priest.
The orc priest is lightly wounded.
The orc priest invokes the aid of Beogh against you.
Pain shoots through your body!
The orc warrior hits you from afar with a +0 halberd!
* * * LOW HITPOINT WARNING * * *
A red film seems to cover your vision as you go berserk!
You feel yourself moving faster!
You feel mighty!
The orc priest hits you but does no damage.
The orc warrior hits you from afar with a +0 halberd!
* * * LOW HITPOINT WARNING * * *
You barely miss the orc priest.
Your tail-slap misses the orc priest.
The orc priest is lightly wounded.
The orc warrior hits you from afar with a +0 halberd!
* * * LOW HITPOINT WARNING * * *
The orc priest hits you but does no damage.
You barely miss the orc priest.
Your tail-slap misses the orc priest.
The orc priest is lightly wounded.
The orc priest hits you with a +0 hand axe.
* * * LOW HITPOINT WARNING * * *
The orc warrior hits you from afar with a +0 halberd.
* * * LOW HITPOINT WARNING * * *
Unknown command.
Things that are here:
a +0 flail; an orc corpse You barely miss the orc warrior.
The orc warrior is moderately wounded.
The orc warrior hits you with a +0 halberd.
You die...

... .. ♣♣♣.. # §♣♣.##. ♣# ♣♣
♣♣ .♣♣. §.§ .. . P.♣ P###
♣.♣♣ ♣§♣♣♣♣. .♣ ..P
##.##♣..♣♣♣..♣.♣.♣♣.♣ ♣.♣♣♣
'.:)'#..♣....♣..♣[.P.♣..PP♣
##.##...†÷♣..♣♣♣..♣♣♣.P..♣
♣###.♣[♣.♣..♣♣.o.8../♣.♣
.♣...♣♣..♣......@o.:...♣
♣.♣P...P♣.P♣..†8)⌠.8.♣♣....
♣..♣.♣♣..PPP.♣......P.....♣
†♣.♣.♣.♣♣♣P.♣♣...8.♣.♣..§.♣
♣♣.♣.♣..♣P♣..♣.♣.♣♣.♣♣♣.♣§..
§..♣....♣...P♣..♣.[..P .§§♣♣
P♣..♣...PP♣..♣♣♣ .♣♣♣...§♣~
.♣..♣.##♣..♣♣. .. ♣♣..♣
.♣.P..# P.##. ### .


You could see an orc warrior and an orc priest.

Vanquished Creatures
  A steam dragon (D:5)
  A black bear (D:5)
  An ogre (D:4)
  A kobold brigand (D:4)
  A necrophage (D:3)
  A gnoll sergeant (D:4)
  3 scorpions (D:5)
  A howler monkey (D:5)
  3 hounds
  A jelly (D:4)
  Jessica (D:3)
  2 iguanas
  An orc wizard (D:5)
  10 gnolls
  4 adders
  3 river rats (D:5)
  4 worms
  A dart slug (D:3)
  6 orcs
  8 ball pythons
  5 endoplasms
  2 giant cockroaches
  7 hobgoblins
  6 jackals
  5 quokkas
  4 bats
  6 frilled lizards
  6 goblins
  14 kobolds
  6 rats
115 creatures vanquished.

Vanquished Creatures (others)
  3 fungi (D:2)
  32 plants
35 creatures vanquished.

Grand Total: 150 creatures vanquished

Notes
Turn   | Place    | Note
-------+----------+-------------------------------------------
     0 | D:1      | Sabo the Armataur Berserker began the quest for the Orb.
     0 | D:1      | Reached XP level 1. HP: 19/19 MP: 1/1
   180 | D:1      | Reached XP level 2. HP: 24/26 MP: 2/2
   656 | D:1      | Reached ** piety under Trog
   850 | D:2      | Reached XP level 3. HP: 33/33 MP: 3/3
  1024 | D:2      | Reached skill level 3 in Axes
  1024 | D:2      | Found a faded altar of an unknown god.
  1705 | D:2      | Upgraded the game from 0.30-a0-459-g9104f0fc43 to
                  | 0.30-a0-462-gd5975efbca
  1938 | D:3      | Noticed Jessica
  1949 | D:3      | Reached XP level 4. HP: 40/40 MP: 4/4
  1955 | D:3      | Killed Jessica
  2106 | D:3      | Identified the +4 dagger of Valiance {vorpal, rElec Str-2
                  | Int+3}
  2192 | D:3      | Noticed a necrophage
  2201 | D:3      | Killed a necrophage
  2202 | D:3      | Reached skill level 1 in Stealth
  2202 | D:3      | Reached XP level 5. HP: 40/48 MP: 5/5
  2347 | D:4      | Reached skill level 4 in Axes
  2482 | D:4      | Found a glowing silver altar of Zin.
  2699 | D:4      | Noticed an ogre
  2704 | D:4      | Killed an ogre
  2705 | D:4      | Reached XP level 6. HP: 54/54 MP: 6/6
  2988 | D:4      | Reached *** piety under Trog
  3104 | D:4      | Reached skill level 5 in Axes
  3189 | D:4      | Reached XP level 7. HP: 49/62 MP: 7/7
  3956 | D:5      | Entered Level 5 of the Dungeon
  4139 | D:5      | Reached skill level 5 in Armour
  4188 | D:5      | Noticed a steam dragon
  4200 | D:5      | Killed a steam dragon
  4201 | D:5      | Reached skill level 6 in Axes
  4228 | D:5      | Reached XP level 8. HP: 44/70 MP: 8/8
  4429 | D:5      | HP: 5/106 [orc priest/+0 hand axe (2)]
  4431 | D:5      | Slain by an orc warrior

Illustrated notes

Levels and vault maps discovered:
D:1:      beargit_arrival_greenhouse, layout_basic
D:2:      layout_basic, dreamdust_ecumenical_altar_grove
D:3:      layout_rooms, uniq_jessica
D:4:      kb_forest_paths, layout_loops_corners, mainiacjoe_overflow_brackets
D:5:      wad_woods_tower, layout_basic, corexii_shack,
          amcnicky_mini_corridor_feature

Skill      XL: |  1  2  3  4  5  6  7 |
---------------+----------------------+-----
Fighting       | 3 4 |  4.5
Axes           | 3 4 5 6 |  6.6
Armour         | 3 4 5 |  5.6
Stealth        | 1 |  1.2
Dodging        | 2 |  2.2

Action                   |  1- 3 |  4- 6 |  7- 9 || total
-------------------------+-------+-------+-------++-------
Melee: Hand axe          |    88 |       |       ||    88
       Tailslap          |    14 |    10 |    11 ||    35
       War axe           |    45 |    66 |   112 ||   223
       Punch             |     1 |     3 |     1 ||     5
Invok: Berserk           |       |     2 |     1 ||     3
  Use: Scroll            |     2 |     1 |     4 ||     7
Armor: Leather armour    |    64 |       |       ||    64
       Scale mail        |     3 |    33 |    52 ||    88
       Steam dragon scal |       |       |     8 ||     8
Dodge: Dodged            |    63 |    19 |    49 ||   131
Block: Buckler           |       |       |     8 ||     8

Table legend: (Time is in decaauts)
 A = Elapsed time spent in this place.
 B = Non-inter-level travel time spent in this place.
 C = Inter-level travel time spent in this place.
 D = Time resting spent in this place.
 E = Time spent auto-exploring this place.
 F = Levels seen in this place.
 G = Mean time per level.
                   A        B        C        D        E       F      G
               +--------+--------+--------+--------+--------+-----+--------+
         Total |   4523 |   4523 |      0 |    840 |      0 |   5 |  904.6 |
       Dungeon |   4523 |   4523 |      0 |    840 |      0 |   5 |  904.6 |
               +--------+--------+--------+--------+--------+-----+--------+

Top non-repeatable levels by time:
     D:4: 1690 daAuts
     D:2: 909 daAuts
     D:1: 822 daAuts
     D:3: 611 daAuts
     D:5: 489 daAuts
